 Dungeon Crawl Stone Soup version 0.31.0-11-ge490571c62 (webtiles) character file.

Game seed: 1980635629898188760

1146 qw the Skirmisher (level 8, -4/45 HPs)
             Began as a Deep Elf Hunter on Feb 3, 2024.
             Slain by a wyvern (9 damage)
             ... on level 6 of the Dungeon.
             The game lasted 00:00:20 (4544 turns).

qw the Skirmisher (Deep Elf Hunter)                 Turns: 4544, Time: 00:00:21

Health: -4/45      AC:  7    Str: 16    XL:     8   Next: 15%
Magic:  10/10      EV: 13    Int: 15    God:
Gold:   168        SH:  0    Dex: 18    Spells: 7/7 levels left

rFire   + . .        m - +0 longbow
rCold   . . .        (shield currently unavailable)
rNeg    . . .        b - +0 ring mail
rPois   .            h - +1 hat
rElec   .            f - +0 cloak
rCorr   .            (no gloves)
SInv    .            (no boots)
Will    .....        (no amulet)
Stlth   +            e - ring of protection from fire
HPRegen 0.27/turn    i - +6 ring of strength
MPRegen 0.12/turn

%: no passive effects
@: no status effects
A: no striking features
a: no special abilities


You were on level 6 of the Dungeon.
You visited 2 branches of the dungeon, and saw 7 of its levels.

You collected 378 gold pieces.
You spent 210 gold pieces at shops.


   Skills:
 + Level 2.9 Fighting
 - Level 12.0 Ranged Weapons
 - Level 1.0 Armour
 - Level 4.7 Dodging
 - Level 1.2 Stealth


You had 7 spell levels left.
You didn't know any spells.
Your spell library was empty.

Inventory:

Hand Weapons
 m - a +0 longbow (weapon)
Armour
 b - a +0 ring mail (worn)
 f - a +0 cloak (worn)
 h - a +1 hat (worn)
Jewellery
 e - a ring of protection from fire (left hand)
 i - a +6 ring of strength (right hand)
Wands
 a - a wand of digging (4)
 c - a wand of roots (5)
 g - a wand of paralysis (5)
Scrolls
 l - a scroll of teleportation
Potions
 d - a potion of mutation
 j - a potion of cancellation
 k - a potion of might {unknown}
 n - a potion of resistance {unknown}
 o - a potion of invisibility {unknown}

Dungeon Overview and Level Annotations

Branches:
Dungeon (6/15)             Temple (1/1) D:4

Altars:
Cheibriados
Dithmenos
Gozag
Hepliaklqana
Makhleb
Nemelex Xobeh
Ru
Sif Muna
Trog
Uskayaw
Vehumet
Wu Jian
Xom
Yredelemnul
Zin
The Shining One

Shops:
D:3 (   D:4 *?**:


Message History

a +0 dire flail; a +0 chain mail
l - a scroll of teleportation
Found a book of Spectacle.
A wyvern comes into view.
The wyvern hisses angrily.
You shoot an arrow. The arrow hits the wyvern.
The wyvern is lightly wounded.
You shoot an arrow. The arrow hits the wyvern.
The wyvern is lightly wounded.
You shoot an arrow. The arrow hits the wyvern.
The wyvern is moderately wounded.
The wyvern misses you.
You shoot an arrow. The arrow hits the wyvern.
The wyvern is moderately wounded.
The wyvern bites you!
You shoot an arrow. The arrow barely misses the wyvern.
The wyvern bites you! The wyvern misses you.
You shoot an arrow.
The arrow hits the wyvern but does no damage.
The wyvern is moderately wounded.
The wyvern bites you. The wyvern bites you!
You shoot an arrow. The arrow barely misses the wyvern.
The wyvern bites you but does no damage.
The wyvern barely misses you.
You shoot an arrow. The arrow hits the wyvern.
The wyvern is moderately wounded.
The wyvern bites you but does no damage.
The wyvern closely misses you.
You shoot an arrow.
The arrow hits the wyvern but does no damage.
The wyvern is moderately wounded.
The wyvern barely misses you.
You shoot an arrow. The arrow closely misses the wyvern.
The wyvern barely misses you. x2
You shoot an arrow. The arrow hits the wyvern!
The wyvern is almost dead.
The wyvern closely misses you. The wyvern barely misses you.
You shoot an arrow. The arrow completely misses the wyvern.
The wyvern bites you! x2
You die...

#. .# #.# .# #.# .# #.#
.# #.# .# # #.# .#
#.#.##.##k# #.......@.#
###.##.######### #
#............# #
........#######.# #
........# #.# #
........# #.# #
........#######.######.
#
...............:.......
#
###############.###..##
#


You could see a wyvern.

Vanquished Creatures
  Sigmund (D:5)
  An orc warrior (D:6)
  2 ice beasts (D:5)
  An ogre (D:5)
  3 bombardier beetles
  3 orc priests
  A hound (D:5)
  4 iguanas
  3 orc wizards
  7 adders
  2 ufetubi (D:5)
  A ribbon worm (D:3)
  4 dart slugs
  31 orcs
  6 ball pythons
  10 endoplasms
  2 giant cockroaches (D:3)
  6 goblins
  8 hobgoblins
  4 jackals (D:1)
  4 quokkas
  9 bats
  2 frilled lizards
  10 kobolds
  14 rats
139 creatures vanquished.

Notes
Turn   | Place    | Note
-------+----------+-------------------------------------------
     0 | D:1      | qw the Deep Elf Hunter began the quest for the Orb.
     0 | D:1      | Reached XP level 1. HP: 12/12 MP: 3/3
     0 | D:1      | 0 ||| qw: Version: 0.3-a-157-g843a77d
     0 | D:1      | 0 ||| qw: Game counter: 4013
     0 | D:1      | 0 ||| qw: Melee chars always use a shield: true
     0 | D:1      | 0 ||| qw: God list: Okawaru
     0 | D:1      | 0 ||| qw: Allow faded altars: false
     0 | D:1      | 0 ||| qw: Do Orc after clearing Dungeon:15 true
     0 | D:1      | 0 ||| qw: Do second Lair branch before Depths: true
     0 | D:1      | 0 ||| qw: Lair rune preference: random
     0 | D:1      | 0 ||| qw: Goals: Normal
     0 | D:1      | 0 ||| PLANNING D:1-11
   182 | D:1      | Reached XP level 2. HP: 16/16 MP: 4/4
   191 | D:1      | Reached skill level 6 in Ranged Weapons
   464 | D:1      | Reached XP level 3. HP: 16/20 MP: 5/5
   867 | D:1      | 867 ||| READING 2 scrolls labelled ILUTENK GIETTA.
   867 | D:1      | 867 ||| IDENTIFYING metallic black potion
   868 | D:1      | 868 ||| READING scroll of identify.
   868 | D:1      | 868 ||| IDENTIFYING scroll labelled EPSUSAMITU
   869 | D:1      | 869 ||| READING scroll labelled ALEPNI HASHIOXT.
   870 | D:1      | 870 ||| DROPPING scroll of butterflies.
   871 | D:1      | 871 ||| DROPPING scroll of immolation.
   895 | D:2      | Found a faded altar of an unknown god.
   943 | D:2      | Reached skill level 7 in Ranged Weapons
  1165 | D:2      | Reached XP level 4. HP: 25/25 MP: 6/6
  1441 | D:2      | 1441 ||| UPGRADING to +0 ring mail.
  1451 | D:2      | 1451 ||| DROPPING +0 leather armour.
  1452 | D:2      | 1452 ||| UPGRADING to +1 hat.
  1457 | D:2      | 1457 ||| UPGRADING to ring of protection from fire.
  1458 | D:2      | 1458 ||| UPGRADING to +6 ring of strength.
  1459 | D:2      | 1459 ||| READING scroll labelled DONYPH RIMUTO.
  1526 | D:3      | HP: 6/25 [something (4)]
  1531 | D:3      | HP: 2/25 [something (2)]
  1534 | D:3      | Reached skill level 8 in Ranged Weapons
  1686 | D:3      | Reached XP level 5. HP: 23/29 MP: 7/7
  1697 | D:3      | HP: 6/29 [orc/+0 club (2)]
  1702 | D:3      | HP: 6/29 [giant cockroach (1)]
  1708 | D:3      | HP: 5/29 [hobgoblin (1)]
  1820 | D:3      | Reached skill level 9 in Ranged Weapons
  2169 | D:3      | Found Doly's Weapon Boutique.
  2181 | D:3      | 2181 ||| UPGRADING to +0 cloak.
  2186 | D:3      | 2186 ||| READING scroll of identify.
  2186 | D:3      | 2186 ||| IDENTIFYING fuming orange potion
  2187 | D:3      | 2187 ||| READING scroll labelled LAESMA OSHO.
  2188 | D:3      | 2188 ||| DROPPING potion of brilliance.
  2277 | D:4      | Reached skill level 3 in Dodging
  2480 | D:4      | Reached XP level 6. HP: 32/35 MP: 8/8
  2494 | D:4      | HP: 8/35 [burnt (2)]
  2620 | D:4      | HP: 8/35 [iguana (3)]
  2735 | D:4      | Found Ytsocwue's Assorted Antiques.
  2747 | D:4      | 2747 ||| SWAPPING to +0 orcbow.
  2748 | D:4      | 2748 ||| DROPPING +0 shortbow.
  2832 | D:4      | 2832 ||| BUYING iron wand (96 gold).
  2832 | D:4      | Bought an iron wand for 96 gold pieces
  2832 | D:4      | 2832 ||| BUYING scroll labelled GITSUFU SE MUDD (24 gold).
  2832 | D:4      | Bought a scroll labelled GITSUFU SE MUDD for 24 gold pieces
  2832 | D:4      | 2832 ||| BUYING scroll of identify (48 gold).
  2832 | D:4      | Bought a scroll of identify for 48 gold pieces
  2832 | D:4      | 2832 ||| SHOPLISTING triangular beryl amulet (120 gold,
                  | have 56).
  2832 | D:4      | 2832 ||| SHOPLISTING wand of roots (3) (172 gold, have 56).
  2847 | D:4      | Found a staircase to the Ecumenical Temple.
  2848 | D:4      | 2848 ||| PLANNING TEMPLE
  2848 | D:4      | 2848 ||| READING scroll of identify.
  2848 | D:4      | 2848 ||| IDENTIFYING sapphire potion
  2849 | D:4      | 2849 ||| READING scroll labelled BUH TAONOAKK.
  2867 | D:4      | Found a basalt altar of Yredelemnul.
  2877 | D:4      | Found a glowing golden altar of the Shining One.
  2890 | D:4      | Found Hajil's Book Emporium.
  2903 | D:4      | 2903 ||| READING scroll labelled GITSUFU SE MUDD.
  2942 | D:4      | Found a shadowy altar of Dithmenos.
  2948 | D:4      | 2948 ||| DROPPING potion of lignification.
  2952 | D:4      | Found Soatz's Assorted Antiques.
  2956 | Temple   | Entered the Ecumenical Temple
  2957 | Temple   | 2957 ||| PLANNING D:1-11
  2967 | D:4      | 2967 ||| BUYING coppery potion (18 gold).
  2967 | D:4      | Bought a coppery potion for 18 gold pieces
  2967 | D:4      | 2967 ||| SHOPLISTING pair of boots (94 gold, have 38).
  2967 | D:4      | 2967 ||| SHOPLISTING scroll of identify (42 gold, have 38).
  2986 | D:4      | Found an ornate altar of the Wu Jian Council.
  3028 | D:4      | Found Nuikkebi's Magic Scroll Emporium.
  3037 | D:4      | 3037 ||| BUYING scroll of identify (24 gold).
  3037 | D:4      | Bought a scroll of identify for 24 gold pieces
  3037 | D:4      | 3037 ||| SHOPLISTING scroll of identify (24 gold, have 14).
  3037 | D:4      | Found Waobb's Assorted Antiques.
  3041 | D:4      | 3041 ||| SHOPLISTING forked silver wand (100 gold, have
                  | 14).
  3041 | D:4      | 3041 ||| SHOPLISTING scroll labelled COAGUTR WOTEU (25
                  | gold, have 14).
  3041 | D:4      | 3041 ||| SHOPLISTING scroll of identify (50 gold, have 14).
  3041 | D:4      | 3041 ||| SHOPLISTING scroll of teleportation (75 gold, have
                  | 14).
  3041 | D:4      | 3041 ||| SHOPLISTING twisted gold wand (100 gold, have 14).
  3217 | D:4      | 3217 ||| READING scroll of identify.
  3217 | D:4      | 3217 ||| IDENTIFYING coppery potion
  3245 | D:5      | Entered Level 5 of the Dungeon
  3248 | D:5      | Noticed an ice beast
  3249 | D:5      | 3249 ||| ZAPPING wand of paralysis (7) at 7,0 (ice beast;
                  | floor).
  3253 | D:5      | Killed an ice beast
  3254 | D:5      | Reached skill level 10 in Ranged Weapons
  3294 | D:5      | 3294 ||| SWAPPING to +0 longbow.
  3295 | D:5      | 3295 ||| DROPPING +0 orcbow.
  3393 | D:5      | HP: 7/35 [ogre/+0 giant club (18)]
  3395 | D:5      | Reached skill level 11 in Ranged Weapons
  3395 | D:5      | Reached XP level 7. HP: 8/40 MP: 9/9
  3515 | D:5      | Found a snail-covered altar of Cheibriados.
  3588 | D:5      | Noticed Sigmund
  3590 | D:5      | Reached skill level 1 in Armour
  3590 | D:5      | 3590 ||| ZAPPING wand of paralysis (6) at -1,-2 (Sigmund;
                  | floor).
  3597 | D:5      | Killed Sigmund
  4016 | D:5      | Reached skill level 12 in Ranged Weapons
  4016 | D:5      | Reached XP level 8. HP: 13/44 MP: 10/10
  4019 | D:5      | HP: 8/44 [orc/+0 flail (6)]
  4380 | D:5      | 4380 ||| DRINKING 3 fizzy dark potions.
  4381 | D:5      | 4381 ||| DROPPING 2 potions of magic.
  4544 | D:6      | HP: 5/45 [wyvern (10)]
  4544 | D:6      | Slain by a wyvern

Levels and vault maps discovered:
D:1:      lemuel_arrival_lava_pool, layout_basic, skrybe_limestone_x,
          minmay_rat_gold_closets
D:2:      layout_basic, ebering_ecumenical_altar_petrified,
          minmay_misc_feat_four_crosses
D:3:      layout_basic, serial_shops, nicolae_shop_bloodbath_and_beyond
D:4:      layout_gridville, grunt_temple_overflow_holy_war,
          grunt_temple_overflow_open, minmay_temple_entry_grid, serial_shops,
          nicolae_shop_crystal, nicolae_shop_statue_plus, shop,
          nicolae_shop_tiny_waterfront, shop
D:5:      layout_basic, mainiacjoe_overflow_six_doors_small,
          kennysheep_small_square, uniq_sigmund
D:6:      layout_basic, tgw_kikubaaqudgha, gammafunk_ghost_smash
Temple:   minmay_freezing_vapour_temple

Skill      XL: |  1  2  3  4  5  6  7 |
---------------+----------------------+-----
Ranged Weapons | 6 7 8 9 11 12 | 12.0
Fighting       | 2 |  2.9
Dodging        | 3 4 |  4.7
Armour         | 1 |  1.0
Stealth        | |  1.2

Action                     |  1- 3 |  4- 6 |  7- 9 || total
---------------------------+-------+-------+-------++-------
   Fire: Shortbow          |   123 |   193 |       ||   316
         Orcbow            |       |    47 |       ||    47
         Longbow           |       |    10 |   102 ||   112
  Evoke: Wand              |       |     1 |     1 ||     2
    Use: Scroll            |     3 |     7 |       ||    10
         Potion            |       |       |     1 ||     1
 Armour: Leather armour    |    15 |       |       ||    15
         Ring mail         |       |   100 |    40 ||   140
  Dodge: Dodged            |    19 |    91 |    59 ||   169

Table legend:
 A = Non-vault XP
 B = Vault XP
 C = Vault XP percentage of total XP
 D = Non-vault monster count
 E = Vault monster count
 F = Vault count percentage of total count
                 A         B        C        D         E       F
            +---------+---------+-------+---------+---------+-------
      Total |    1367 |     271 |  16.5 |     128 |      11 |   7.9
            +---------+---------+-------+---------+---------+-------
        D:1 |      46 |       9 |  16.4 |      26 |       9 |  25.7
        D:2 |      73 |       0 |   0.0 |      21 |       0 |   0.0
        D:3 |     184 |       0 |   0.0 |      30 |       0 |   0.0
        D:4 |     205 |       0 |   0.0 |      26 |       0 |   0.0
        D:5 |     679 |     262 |  27.8 |      20 |       2 |   9.1
        D:6 |     180 |       0 |   0.0 |       5 |       0 |   0.0
            +---------+---------+-------+---------+---------+-------
